AoeStats
← Chris77A

Socotra

504175021Analyzed
2v2 RM · 29d ago on Sep 4, 2026· 11m 26s· 4 players
Game mode
Random Map
Map size
Tiny (2 player)
Population
200
Speed
Normal
Resources
Standard
Victory
Conquest
Starting age
Dark Age
Ending age
Imperial Age
RankedLock teamsTeams togetherTeam positionsShared explorationLock speedFull tech treeHidden civsTurbo modeCheats
Victory
Defeat
🇷🇴 Japanese · Romania
1310
+14
🇨🇳 Britons · China
1174
+20
🇬🇧 Japanese · United Kingdom
1320
-20
🇬🇧 Byzantines · United Kingdom
1198
-14
Chris77A
2:35 Loom
10:37 Feudal Age
out.c/imperator`
7:02 Loom
9:24 Feudal Age
9:26 Man-at-Arms
Desoxyribose
2:14 Loom
9:55 Feudal Age
HexenSlayer
7:01 Loom
9:07 Feudal Age
9:24 Man-at-Arms
10:20 Arson
Connection lost

Rejoining the realm…

Still unreachable

The connection could not be restored.

Session expired

The server has moved on; the page needs a fresh start.